Get step-by-step instructions on how to execute this build order below. Start the game timer, and the build order will tick by so you can play in parallel with StarCraft on a second screen or mobile device.

Game Time

  0:00

Last Step

  N/A

Next Step

  12  0:01  Probe  

Upcoming Step

  13  0:13  Probe  

Don't want to look back and forth between 2 screens? Try out our Overwolf App, the Spawning Tool Build Advisor to get an in-game overlay with this build!

Complete Build Order

  12  0:01  Probe  
  13  0:13  Probe  
  14  0:24  Pylon  
  14  0:25  Probe  
  15  0:42  Gateway, Probe  
  16  0:54  Probe  
  16  0:56  Assimilator  
  17  1:01  Assimilator  
  17  1:06  Probe  
  18  1:17  Gateway  
  18  1:20  Pylon  
  18  1:24  Probe  
  19  1:36  Zealot  
  21  1:43  Cybernetics Core  
  21  1:49  Probe  
  22  1:59  Forge, Probe  
  23  2:10  Zealot  
  25  2:16  Warp Gate  
  25  2:20  Stalker  
  26  2:23  Probe  
  26  2:29  Protoss Ground Weapons Level 1  
  27  2:36  Probe  
  28  2:42  Sentry  
  30  2:48  Probe  
  31  2:59  Pylon  
  31  3:06  Pylon  
  31  3:16  Gateway  
  31  3:17  Adept  
  33  3:20  Sentry  
  35  3:28  Gateway  
  35  3:31  Probe  
  36  3:39  Pylon  
  36  3:50  Sentry x2  
  40  3:58  Shield Battery  
  40  4:20  Stalker  
  42  4:24  Adept  
  42  4:25  Adept x2  
  44  4:50  Adept x4  
  42  5:10  Nexus  
  38  5:57  Adept x2  
  38  5:58  Adept x2  
  38  6:03  Twilight Council  
  44  6:11  Pylon  
  34  6:12  Pylon  
  32  6:19  Sentry x4  
  32  6:24  Charge  
  40  6:29  Pylon  
  40  6:30  Probe x2  
  42  6:46  Stalker  
  44  6:48  Stalker  
  46  6:55  Zealot  
  46  7:00  Zealot  
  40  7:27  Stalker x4  
  34  7:50  Zealot x4  
  42  8:09  Dark Shrine  
  42  8:10  Probe x2  
  44  8:25  Zealot x3  
  48  8:28  Zealot  
  48  8:34  Probe x2  
  52  8:46  Probe x2  
  52  9:03  Probe x2  
  54  9:14  Gateway  
  54  9:16  Gateway  
  54  9:22  Dark Templar  
  54  9:23  Dark Templar  
  58  9:28  Dark Templar  
  60  9:33  Probe  
  60  9:34  Probe  
  62  9:44  Assimilator  
  62  9:45  Probe  
  62  9:46  Probe  
  62  9:47  Assimilator